 Dungeon Crawl Stone Soup version 0.27-a0-797-g27d10ad80f (webtiles) character file.

Game seed: 9640290336293231211

28 polve the Slasher (level 3, 0/29 HPs)
             Began as a Demonspawn Abyssal Knight on Mar 27, 2021.
             Was a Follower of Lugonu.
             Slain by a kobold
             ... wielding a +0 dagger
              (2 damage)
             ... on level 1 of the Dungeon.
             The game lasted 00:00:39 (989 turns).

polve the Slasher (Demonspawn Abyssal Knight)        Turns: 989, Time: 00:00:40

Health: 0/29       AC:  3    Str: 12    XL:     3   Next: 0%
Magic:  4/4        EV: 11    Int: 14    God:    Lugonu [*.....]
Gold:   35         SH:  0    Dex: 12    Spells: 2/2 levels left

rFire    . . .     SeeInvis .   a - +1 falchion
rCold    . . .     Faith    .   (no shield)
rNeg     . . .     Spirit   .   b - +0 leather armour
rPois    .         Reflect  .   (helmet restricted)
rElec    .         Harm     .   (no cloak)
rCorr    .         Rampage  .   (no gloves)
Will     .....                  (no boots)
Stlth    +.........             (no amulet)
HPRegen  0.09/turn              (no ring)
MPRegen  0.09/turn              (no ring)

@: no status effects
A: horns 1, powered by death 1
a: Renounce Religion, Depart the Abyss


You were on level 1 of the Dungeon.
You worshipped Lugonu.
Lugonu was aware of your devotion.
You visited 1 branch of the dungeon, and saw 1 of its levels.
You visited the Abyss 1 time.

You collected 35 gold pieces.

Inventory:

Hand Weapons
 a - a +1 falchion (weapon)
Armour
 b - a +0 leather armour (worn)
Jewellery
 d - a +6 ring of dexterity
 h - a ring of ice
 j - a ring of positive energy
Scrolls
 g - a scroll of identify {unknown}
 i - a scroll of acquirement {unknown}
Potions
 c - 3 potions of heal wounds {unknown}
 e - 2 potions of flight {unknown}
 f - a potion of curing {unknown}


   Skills:
 - Level 3.0 Fighting
 + Level 3.2 Long Blades
 - Level 1.7 Armour
 - Level 0.8 Dodging
 - Level 2.4 Invocations


You had 2 spell levels left.
You didn't know any spells.
Your spell library was empty.

Dungeon Overview and Level Annotations

Branches:
Dungeon (1/15)

Altars:


Innate Abilities, Weirdness & Mutations

You have a pair of small horns on your head.
You regenerate a little health from kills.


Message History

You are too injured to fight recklessly!
You are too injured to fight recklessly!
You are too injured to fight recklessly!
You are too injured to fight recklessly!
You are too injured to fight recklessly!
You are too injured to fight recklessly!
You are too injured to fight recklessly!
You are too injured to fight recklessly!
You are too injured to fight recklessly!
You are too injured to fight recklessly!
You are too injured to fight recklessly!
You are too injured to fight recklessly!
You are too injured to fight recklessly!
You are too injured to fight recklessly!
You are too injured to fight recklessly!
You are too injured to fight recklessly!
There are monsters nearby!
The kobold hits you with a +0 dagger. The hobgoblin hits you.
The kobold hits you with a +0 dagger.
The hobgoblin hits you but does no damage.
The kobold hits you but does no damage. The hobgoblin barely misses you.
The kobold hits you with a +0 dagger. The hobgoblin closely misses you.
You riposte.
You barely miss the hobgoblin.
The hobgoblin is severely wounded.
The kobold hits you with a +0 dagger. The hobgoblin closely misses you.
The kobold closely misses you. The hobgoblin barely misses you.
You riposte.
You barely miss the hobgoblin. Your headbutt misses the hobgoblin.
The hobgoblin is severely wounded.
The kobold hits you with a +0 dagger.
* * * LOW HITPOINT WARNING * * *
The hobgoblin closely misses you.
You riposte.
Your leather armour prevents you from hitting the hobgoblin.
The hobgoblin is severely wounded.
The kobold barely misses you. The hobgoblin hits you.
* * * LOW HITPOINT WARNING * * *
The kobold hits you with a +0 dagger.
* * * LOW HITPOINT WARNING * * *
The hobgoblin hits you but does no damage.
The kobold hits you with a +0 dagger.
You die...

#### #^.# #.#. ######
##.# #....# #.#. #....###
##.# #....@K# #.#.
####....#g...# #####(..
#...##.#####.# ......÷÷
#...##.#####... ......))
#...##†.⌠.....># ####....
#...##....♣♣♣..# #....
#....#..♣♣♣♣♣♣♣.# #....
#....#.♣♣♣∩∩∩♣♣♣.####....
#......♣ ∩...∩♣..........


You could see a hobgoblin and a kobold.

Vanquished Creatures
  2 dart slugs (D:1)
  A bat (D:1)
  3 endoplasms (D:1)
  A giant cockroach (D:1)
  2 goblins (D:1)
  2 hobgoblins (D:1)
  A jackal (D:1)
  2 kobolds (D:1)
  2 quokkas (D:1)
  A ball python (D:1)
  5 rats (D:1)
22 creatures vanquished.

Notes
Turn   | Place    | Note
-------+----------+-------------------------------------------
     0 | Abyss:1  | polve the Demonspawn Abyssal Knight began the quest for the
                  | Orb.
     0 | Abyss:1  | Reached XP level 1. HP: 18/18 MP: 2/2
    45 | Abyss:1  | Noticed a hellwing
    67 | D:1      | Escaped the Abyss
   131 | D:1      | Reached * piety under Lugonu
   132 | D:1      | Gained mutation: You have a pair of small horns on your
                  | head. [demonic ancestry]
   132 | D:1      | Reached XP level 2. HP: 10/24 MP: 3/3
   964 | D:1      | Gained mutation: You regenerate a little health from kills.
                  | [demonic ancestry]
   964 | D:1      | Reached XP level 3. HP: 28/29 MP: 4/4
   988 | D:1      | HP: 1/29 [kobold/+0 dagger (2)]
   989 | D:1      | Slain by a kobold

Illustrated notes

Levels and vault maps discovered:
D:1:      heliophobic_arrival_henge, layout_rooms, minmay_tiny_reverse_x

Skill      XL: |  1  2 |
---------------+-------+-----
Long Blades    | 2 3 |  3.2
Fighting       | |  3.0
Armour         | |  1.7
Dodging        | |  0.8
Invocations    | |  2.4

Action                   || total
-------------------------++-------
Melee: Falchion          ||    52
       Headbutt          ||     6
Invok: Depart the Abyss  ||     1
Armor: Leather armour    ||    23
Dodge: Dodged            ||    50
       Rpst.: Falchion   ||    19

Table legend: (Time is in decaauts)
 A = Elapsed time spent in this place.
 B = Non-inter-level travel time spent in this place.
 C = Inter-level travel time spent in this place.
 D = Time resting spent in this place.
 E = Time spent auto-exploring this place.
 F = Levels seen in this place.
 G = Mean time per level.
                   A        B        C        D        E       F      G
               +--------+--------+--------+--------+--------+-----+--------+
         Total |    997 |    997 |      0 |      0 |    783 |   2 |  498.5 |
       Dungeon |    930 |    930 |      0 |      0 |    738 |   1 |  930.0 |
         Abyss |     67 |     67 |      0 |      0 |     45 |   1 |   67.0 |
               +--------+--------+--------+--------+--------+-----+--------+

Top non-repeatable levels by time:
     D:1: 930 daAuts
 Abyss:1: 67 daAuts
